 Dungeon Sprint DCSS version 0.27.1-33-g824d729ab1 (webtiles) character file.

Game seed: 2271644072521088583

5308 Hipnos the Imperceptible (level 10, -2/47 HPs)
             Began as a Spriggan Enchanter on Nov 29, 2021.
             Was a High Priest of Okawaru.
             Slain by a 12-headed hydra (12 damage)
             ... in the Dungeon (Sprint I: "Red Sonja").
             The game lasted 00:06:26 (2754 turns).

Hipnos the Imperceptible (Spriggan Enchanter)       Turns: 2754, Time: 00:06:26

Health: -2/47      AC:  2    Str:  4    XL:     10   Next: 37%
Magic:  19/23      EV: 26    Int: 16    God:    Okawaru [*****.]
Gold:   577        SH:  0    Dex: 25    Spells: 13/25 levels left

rFire    . . .     SeeInvis +   i - +2 short sword (venom)
rCold    . . .     Faith    .   (shield restricted)
rNeg     . . .     Spirit   .   k - +0 robe "Vell" {+Blink Dex+5 Slay+2}
rPois    .         Reflect  .   l - +0 hat
rElec    .         Harm     .   (no cloak)
rCorr    .         Rampage  .   (gloves unavailable)
Will     +....     NoTele   +   (boots unavailable)
Stlth    +++++++++.             (no amulet)
HPRegen  0.15/turn              (no ring)
MPRegen  0.18/turn              (no ring)

@: very quick
A: very small, no large weapons, unfitting armour, see invisible, speed 3
a: Renounce Religion, Evoke Blink, Heroism, Finesse


You were in the Dungeon.
You worshipped Okawaru.
Okawaru was extremely pleased with you.
You visited 1 branch You collected 980 gold pieces.
You spent 403 gold pieces at shops.

Inventory:

Hand Weapons
 a - a +1 dagger
 i - a +2 short sword of venom (weapon)
Armour
 b - a +0 robe
 k - the +0 robe "Vell" (worn) {+Blink Dex+5 Slay+2}
   (You bought it in a shop in the Dungeon)

   Dex:       It affects your dexterity (+5).
   Slay:      It affects your accuracy & damage with ranged weapons and melee
   (+2).
   +Blink:    It lets you blink.
 l - a +0 hat (worn)
Wands
 j - a wand of iceblast (5)
Scrolls
 g - a scroll of identify {unknown}
 h - a scroll of blinking
Potions
 c - 4 potions of curing
 d - a potion of heal wounds
 e - a potion of haste
 f - 2 potions of magic


   Skills:
 + Level 2.6 Fighting
 * Level 10.8 Short Blades
 + Level 9.2 Dodging
 * Level 23.7 Stealth
 - Level 8.2 Spellcasting
 - Level 0.7 Conjurations
 + Level 13.0 Hexes
 + Level 1.4 Ice Magic


You had 13 spell levels left.
You knew the following spells:

 Your Spells              Type           Power      Damage    Failure   Level
a - Corona                Hex            53%        N/A       1%          1
b - Ensorcelled Hibernat  Hex/Ice        58%        N/A       1%          2
c - Confusing Touch       Hex            48%        N/A       1%          3
d - Tukima's Dance        Hex            48%        N/A       1%          3
e - Dazzling Flash        Conj/Hex       56%        N/A       1%          3

Your spell library contained the following spells:

 Spells                   Type           Power      Damage    Failure   Level


Dungeon Overview and Level Annotations

Branches:
Dungeon (1/1)

Altars:
Cheibriados
Dithmenos
Elyvilon
Fedhas
Gozag
Hepliaklqana
Kikubaaqudgha
Makhleb
Nemelex Xobeh
Okawaru
Qazlal
Ru
Sif Muna
Trog
Uskayaw
Vehumet
Wu Jian
Xom
Yredelemnul
Zin
The Shining One
Jiyva
Lugonu

Shops:
D :=[


Innate Abilities, Weirdness & Mutations

You are very small and have problems with some larger weapons.
You are too small for most types of armour.
You have supernaturally acute eyesight. (SInv)
You cover ground extremely quickly. (Speed+++)


Message History

Casting: Dazzling Flash (safe; 1% risk of failure)
Confirm with . or Enter, or press ? or * to list all spells.
The hog is dazzled.
The hog closely misses you.
You strike the helpless hog from behind!
You spit the hog like the proverbial pig!!!
You kill the hog!
Okawaru accepts your kill.
You see here a hog corpse.
You see here a lindwurm skeleton.
There is an open door here.
You start resting.
Magic restored.
You open the door.
A hydra and a floating eye come into view.
The 12-headed hydra roars!
The floating eye turns its gaze towards you.
Found 54 gold pieces.
Casting: Dazzling Flash (safe; 1% risk of failure)
Confirm with . or Enter, or press ? or * to list all spells.
Aiming: Ensorcelled Hibernation (safe; 1% risk of failure)
Press: ? - help, Shift-Dir - straight line, f - 12-headed hydra
Aim: a 12-headed hydra (purple smoke, chance to affect: 24%)
The 12-headed hydra resists with almost no effort.
Casting: Ensorcelled Hibernation (safe; 1% risk of failure)
Confirm with . or Enter, or press ? or * to list all spells.
You don't know that spell.
Casting: Ensorcelled Hibernation (safe; 1% risk of failure)
Confirm with . or Enter, or press ? or * to list all spells.
Aiming: Ensorcelled Hibernation (safe; 1% risk of failure)
Press: ? - help, Shift-Dir - straight line, f/p - 12-headed hydra
Aim: a 12-headed hydra (purple smoke, chance to affect: 24%)
The 12-headed hydra resists with almost no effort.
The 12-headed hydra bites you! The 12-headed hydra misses you.
The 12-headed hydra barely misses you. x2
The 12-headed hydra completely misses you.
The 12-headed hydra bites you! x2
* * * LOW HITPOINT WARNING * * *
The 12-headed hydra misses you. The 12-headed hydra barely misses you.
The 12-headed hydra bites you!
You die...

##########################
#..'..)#..#§§§§§@DG§§§§.$#
'..#...##'#§####§§§§§##$.+
####)..'§§#.# ##§§§## ## #
#####§.§§# ###+# #+####
###


You could see a 12-headed hydra and a floating eye.

Vanquished Creatures
  Sonja (D)
  A deep troll (D)
  A lindwurm (D)
  2 kobold demonologists (D)
  3 demonic crawlers (D)
  A slime creature (D)
  Sigmund (D)
  A yak (D)
  13 hogs (D)
  A floating eye (D)
  An ogre (D)
  A jelly (D)
  Ijyb (D)
  A ballistomycete spore (D)
29 creatures vanquished.

Vanquished Creatures (others)
  A gargoyle (D)
  A ballistomycete spore (D)
2 creatures vanquished.

Grand Total: 31 creatures vanquished

Notes
Turn   | Place    | Note
-------+----------+-------------------------------------------
     0 | D        | Hipnos the Spriggan Enchanter began the quest for the Orb.
     0 | D        | Reached XP level 1. HP: 9/9 MP: 5/5
     1 | D        | Noticed Ijyb
    18 | D        | Killed Ijyb
    19 | D        | Reached skill level 7 in Stealth
    19 | D        | Reached skill level 5 in Hexes
    19 | D        | Reached XP level 2. HP: 11/13 MP: 7/7
   237 | D        | Learned a level 2 spell: Ensorcelled Hibernation
   237 | D        | Noticed an ogre
   240 | D        | Killed an ogre
   241 | D        | Reached skill level 10 in Stealth
   241 | D        | Reached XP level 3. HP: 16/16 MP: 7/9
   241 | D        | Reached XP level 4. HP: 21/21 MP: 8/11
   270 | D        | Noticed Sigmund
   273 | D        | Killed Sigmund
   274 | D        | Reached skill level 5 in Short Blades
   274 | D        | Reached skill level 5 in Dodging
   274 | D        | Reached skill level 13 in Stealth
   274 | D        | Reached skill level 5 in Spellcasting
   274 | D        | Reached XP level 5. HP: 24/24 MP: 11/13
   274 | D        | Reached XP level 6. HP: 28/28 MP: 11/14
   398 | D        | Found an ornate altar of the Wu Jian Council.
   398 | D        | Found a shimmering blue altar of Sif Muna.
   400 | D        | Found a radiant altar of Vehumet.
   407 | D        | Found Nowepuiwn's Jewellery Emporium.
   407 | D        | Found an ancient bone altar of Kikubaaqudgha.
   407 | D        | Found a hazy altar of Hepliaklqana.
   407 | D        | Found a stormy altar of Qazlal.
   407 | D        | Found a hide-covered altar of Uskayaw.
   407 | D        | Found a blossoming altar of Fedhas.
   407 | D        | Found a bloodstained altar of Trog.
   407 | D        | Found an iron altar of Okawaru.
   407 | D        | Found a basalt altar of Yredelemnul.
   407 | D        | Found a glowing golden altar of the Shining One.
   407 | D        | Found a snail-covered altar of Cheibriados.
   407 | D        | Found a sacrificial altar of Ru.
   407 | D        | Found a glowing silver altar of Zin.
   407 | D        | Found a shadowy altar of Dithmenos.
   407 | D        | Found a white marble altar of Elyvilon.
   407 | D        | Noticed a yak
   408 | D        | Found an opulent altar of Gozag.
   409 | D        | Killed a yak
   410 | D        | Reached skill level 14 in Stealth
   410 | D        | Found a sparkling altar of Nemelex Xobeh.
   415 | D        | Became a worshipper of Warmaster Okawaru
   476 | D        | Found a burning altar of Makhleb.
   476 | D        | Found a viscous altar of Jiyva.
   476 | D        | Found a shimmering altar of Xom.
   476 | D        | Found a corrupted altar of Lugonu.
   476 | D        | Noticed a slime creature
   479 | D        | Killed a slime creature
   480 | D        | Reached skill level 15 in Stealth
   480 | D        | Reached XP level 7. HP: 32/32 MP: 16/16
   491 | D        | Noticed a kobold demonologist
   492 | D        | Noticed a kobold demonologist
   495 | D        | Killed a kobold demonologist
   495 | D        | Reached * piety under Okawaru
   496 | D        | Reached skill level 17 in Stealth
   496 | D        | Reached skill level 10 in Hexes
   497 | D        | Killed a kobold demonologist
   498 | D        | Reached skill level 18 in Stealth
   498 | D        | Reached XP level 8. HP: 37/37 MP: 16/18
   498 | D        | Paralysed by a floating eye for 2 turns
   503 | D        | Reached ** piety under Okawaru
   562 | D        | Noticed a demonic crawler
   562 | D        | Noticed a demonic crawler
   562 | D        | Noticed a demonic crawler
   562 | D        | Noticed a demonic crawler
   581 | D        | Killed a gargoyle
   680 | D        | Noticed Sonja
   683 | D        | Killed Sonja
   683 | D        | Reached *** piety under Okawaru
   684 | D        | Reached skill level 19 in Stealth
   810 | D        | Found Ycexzeupn's Book Boutique.
   830 | D        | Noticed a deep troll
   834 | D        | Killed a deep troll
   835 | D        | Reached skill level 20 in Stealth
   835 | D        | Reached skill level 1 in Ice Magic
   835 | D        | Reached XP level 9. HP: 37/40 MP: 19/21
   844 | D        | Found Zaolak's Armour Emporium.
   851 | D        | Bought the +0 robe "Vell" {+Blink Dex+5 Slay+2} for 403
                  | gold pieces
   874 | D        | Learned a level 3 spell: Confusing Touch
   878 | D        | Learned a level 3 spell: Tukima's Dance
   882 | D        | Learned a level 3 spell: Dazzling Flash
  1709 | D        | Killed a demonic crawler
  1709 | D        | Reached **** piety under Okawaru
  1710 | D        | Reached skill level 1 in Fighting
  1969 | D        | Killed a demonic crawler
  1970 | D        | Reached skill level 21 in Stealth
  2069 | D        | Killed a demonic crawler
  2274 | D        | Noticed a lindwurm
  2277 | D        | Killed a lindwurm
  2290 | D        | Reached ***** piety under Okawaru
  2291 | D        | Reached skill level 22 in Stealth
  2292 | D        | Reached skill level 10 in Short Blades
  2302 | D        | Reached XP level 10. HP: 35/46 MP: 19/23
  2518 | D        | Reached skill level 23 in Stealth
  2747 | D        | Noticed a 12-headed hydra
  2754 | D        | Slain by a 12-headed hydra

Illustrated notes

Levels and vault maps discovered:
D:        dungeon_sprint_1 [red_sonja_temple_1, red_sonja_temple_small_1]

Skill      XL: |  1  2  3  4  5  6  7  8  9 10 |
---------------+-------------------------------+-----
Short Blades   | 2 3 5 6 7 8 10 | 10.8
Dodging        | 3 4 5 6 7 8 9 |  9.2
Stealth        | 7 10 13 15 18 20 22 23 | 23.7
Spellcasting   | 3 4 5 6 7 8 |  8.2
Hexes          | 5 6 8 9 10 12 13 | 13.0
Ice Magic      | 1 |  1.4
Fighting       | 2 |  2.6
Conjurations   | |  0.7

Action                   |  1- 3 |  4- 6 |  7- 9 | 10-12 || total
-------------------------+-------+-------+-------+-------++-------
Melee: Dagger            |    15 |     4 |     4 |       ||    23
       Short sword       |       |       |    45 |    36 ||    81
 Cast: Ensorcelled Hiber |       |       |     5 |     2 ||     7
       Dazzling Flash    |       |       |    11 |     9 ||    20
       Confusing Touch   |       |       |     7 |       ||     7
  Use: Potion            |     1 |       |       |       ||     1
 Stab: Sleeping          |     2 |     4 |     9 |       ||    15
       Invisible         |       |       |     7 |     8 ||    15
       Confused          |       |       |     3 |       ||     3
       Distracted        |       |       |       |     1 ||     1
Armor: Robe              |     1 |       |       |     1 ||     2
Dodge: Dodged            |     9 |       |    59 |    31 ||    99
